 Dungeon Sprint DCSS version 0.31-a0-841-g038b102fc3 (webtiles) character file.

Game seed: 1782827764224546808

82 sircluck the Ruffian (level 4, -2/73 HPs)
             Began as a Troll Berserker on Sept 27, 2023.
             Was a Follower of Trog.
             Slain by a shadow wraith (20 damage)
             ... in the Dungeon (Sprint VII: "The Pits").
             The game lasted 00:00:11 (23 turns).

sircluck the Ruffian (Troll Berserker)                Turns: 23, Time: 00:00:11

Health: -2/73      AC:  4    Str: 27    XL:     4   Next: 21%
Magic:  3/3        EV: 10    Int:  3    God:    Trog [*.....]
Gold:   0          SH:  0    Dex:  9    Spells: 3/3 levels left

rFire   . .          .
                       - Unarmed
rCold   . . .        (no shield)
rNeg    . . .        a - +0 animal skin
rPois   .            (helmet restricted)
rElec   .            (no cloak)
rCorr   .            (gloves unavailable)
SInv    .            (boots unavailable)
Will    .....        (no amulet) Stlth
                     (no ring)
HPRegen 1.12/turn    (no ring)
MPRegen 0.08/turn

%: no teleportation
@: berserking (expiring), lethally poisoned (-2 -> -2), slowed
A: large, unfitting armour, claws 3, regeneration 1, shaggy fur 1, tough skin 1
a: Renounce Religion, Berserk


You were in the Dungeon.
You worshipped Trog.
Trog was aware of your devotion.
You visited 1 branch

Inventory:

Armour
 a - a +0 animal skin (worn)
Scrolls
 g - a scroll of blinking
Potions
 b - a potion of curing
 c - a potion of heal wounds
 d - a potion of haste
 e - 2 potions of magic
 f - a potion of berserk rage


   Skills:
 + Level 4.7 Fighting
 + Level 4.6 Dodging
 + Level 5.6 Unarmed Combat


You had 3 spell levels left.
You didn't know any spells.
Your spell library was empty.

Dungeon Overview and Level Annotations

Branches:
Dungeon (1/1)

Altars:


Innate Abilities, Weirdness & Mutations

You are too large for most types of armour.
You have claws for hands.
Your natural rate of healing is unusually fast.
You are covered in fur. (AC +1)
You have tough skin. (AC +1)


Message History

The centaur is moderately wounded.
The centaur misses you.
The centaur kicks you but does no damage.
The adder bites you.
You are poisoned.
The adder poisons you!
You scratch the centaur.
The centaur is heavily wounded.
You feel sick. The centaur hits you.
The centaur kicks you but does no damage.
You barely miss the centaur.
The centaur is heavily wounded.
You feel sick. The centaur hits you.
The centaur kicks you but does no damage.
You barely miss the centaur.
The centaur is heavily wounded.
The centaur hits you.
The centaur kicks you but does no damage.
You claw the centaur!
You kill the centaur!
Trog accepts your kill.
You feel sick. Something hits you!
* * * LOW HITPOINT WARNING * * *
Something drains your vigour!
You feel yourself slow down.
Deactivating autopickup; reactivate with Ctrl-A.
Your Fighting skill gained 2 levels and is now at level 4!
Your Dodging skill gained 2 levels and is now at level 4!
Your Unarmed Combat skill gained 2 levels and is now at level 5!
You have reached level 2!
You have reached level 3!
Your experience leads to an increase in your attributes!
Increase (S)trength, (I)ntelligence, or (D)exterity?
You feel stronger. x3
You have reached level 4!
Unknown command.
Unknown command.
Unknown command.
You barely miss the adder.
You feel sick. The adder barely misses you. Something hits you!!
You die...

##########++######
#................#
#......#..#......#
#................+
+................+
#......#..#......#
#................#
####'#####@'######
#.......##'S#
#.......##....
#.......##...##
#...<...##..##
#.......##..#
#.......##..'
#.......##.##
#########


You could see an adder.

Vanquished Creatures
  A centaur (D)
1 creature vanquished.

Notes
Turn   | Place    | Note
-------+----------+-------------------------------------------
     0 | D        | sircluck the Troll Berserker began the quest for the Orb.
     0 | D        | Reached XP level 1. HP: 22/22 MP: 0/0
    11 | D        | Noticed a centaur
    22 | D        | Killed a centaur
    23 | D        | Reached skill level 5 in Unarmed Combat
    23 | D        | Reached XP level 2. HP: 12/33 MP: 1/1
    23 | D        | Reached XP level 3. HP: 15/40 MP: 2/2
    23 | D        | Reached XP level 4. HP: 18/49 MP: 3/3
    23 | D        | Slain by a shadow wraith

Illustrated notes

Levels and vault maps discovered:
D:        pitsprint [storerooms_1, entrance_room_1, metal_vault_7, armoury_2,
          mini_pit_1, grid_room_1, main_hall_1, silver_pit, the_coven_3,
          the_vestibule_1, steel_vault_2, golden_pit, hallway_of_sentries,
          crystal_vault_5, iron_vault_1, final_vault]

Skill      XL: |  1 |
---------------+----+-----
Fighting       | 4 |  4.7
Dodging        | 4 |  4.6
Unarmed Combat | 5 |  5.6

Action                     |  1- 3 |  4- 6 || total
---------------------------+-------+-------++-------
  Melee: Unarmed           |     6 |     1 ||     7
 Invoke: Berserk           |     1 |       ||     1
 Armour: Animal skin       |    12 |     1 ||    13
  Dodge: Dodged            |     3 |     1 ||     4

Table legend: (Time is in decaauts)
 A = Elapsed time spent in this place.
 B = Non-inter-level travel time spent in this place.
 C = Inter-level travel time spent in this place.
 D = Time resting spent in this place.
 E = Time spent auto-exploring this place.
 F = Levels seen in this place.
 G = Mean time per level.
                   A        B        C        D        E       F      G
               +--------+--------+--------+--------+--------+-----+--------+
         Total |     20 |     20 |      0 |      0 |     11 |   1 |   20.0 |
       Dungeon |     20 |     20 |      0 |      0 |     11 |   1 |   20.0 |
               +--------+--------+--------+--------+--------+-----+--------+

Top non-repeatable levels by time:
       D: 20 daAuts
